 Dungeon Crawl Stone Soup version 0.21-a0-351-g38363bb (webtiles) character file.

140 Dfrag the Firebug (level 5, 35/35 HPs)
             Began as a Demonspawn Fire Elementalist on Oct 9, 2017.
             Quit the game on level 4 of the Dungeon.
             The game lasted 00:02:54 (1655 turns).

Dfrag the Firebug (Demonspawn Fire Elementalist)    Turns: 1655, Time: 00:02:55

Health: 35/35      AC:  2    Str: 12    XL:     5   Next: 2%
Magic:  0/9        EV: 12    Int: 20    God:
Gold:   78         SH:  0    Dex: 13    Spells: 6/10 levels left

rFire    . . .     SeeInvis .   (no weapon)
rCold    . . .     Gourm    .   (no shield)
rNeg     . . .     Faith    .   a - +0 robe
rPois    .         Spirit   .   (no helmet)
rElec    .         Reflect  .   (no cloak)
rCorr    .         Harm     .   (no gloves)
MR       .....                  (no boots)
Stlth    +++.......             (no amulet)
HPRegen  0.11/turn              n - +3 ring of strength
MPRegen  0.11/turn              o - +3 ring of intelligence

@: no status effects
A: claws 2, nightstalker 1
a: no special abilities


You were on level 4 of the Dungeon.
You were not hungry.

You visited 1 branch of the dungeon, and saw 4 of its levels.

You collected 78 gold pieces.

Inventory:

Armour
 a - a +0 robe (worn)
Jewellery
 n - a +3 ring of strength (left claw)
 o - a +3 ring of intelligence (right claw)
Scrolls
 d - 2 scrolls of remove curse {unknown}
 e - a scroll of fear {unknown}
 h - 4 scrolls of teleportation {unknown}
 i - a scroll of random uselessness {unknown}
 m - 2 scrolls of identify {unknown}
 s - a scroll of enchant armour {unknown}
Potions
 l - a potion of curing {unknown}
 p - 2 potions of degeneration {unknown}
 q - a potion of agility {unknown}
 r - a potion of invisibility {unknown}
Books
 b - a book of Flames

   Spells                             Type                      Level
   a - Flame Tongue                   Conjuration/Fire             1
   b - Throw Flame                    Conjuration/Fire             2
   c - Conjure Flame                  Conjuration/Fire             3
   d - Inner Flame                    Hexes/Fire                   3
   e - Sticky Flame                   Conjuration/Fire             4
   f - Fireball                       Conjuration/Fire             5
Comestibles
 c - 3 bread rations
 f - 2 fruits
 g - 2 meat rations
 j - a royal jelly
 k - a chunk of flesh


   Skills:
 - Level 1.7 Dodging
 - Level 1.7 Stealth
 + Level 3.2 Spellcasting
 + Level 2.8 Conjurations
 + Level 3.7 Fire Magic


You had 6 spell levels left.
You knew the following spells:

 Your Spells              Type           Power        Failure   Level  Hunger
a - Flame Tongue          Conj/Fire      ###..        3%          1    None
b - Conjure Flame         Conj/Fire      ###.....     11%         3    ###....


Dungeon Overview and Level Annotations

Branches:
Dungeon (4/15)
 Temple: D:4-7

Altars:
Ashenzari
Kikubaaqudgha
Nemelex Xobeh
Sif Muna

Annotations:
D:3 Deathtrap2010's ghost, amateur MiFi


Innate Abilities, Weirdness & Mutations

You have very sharp fingernails.
You are slightly more attuned to the shadows.


Message History

Confirm with . or Enter, or press ? or * to list all spells.
Aiming: Flame Tongue
Press: ? - help, Shift-Dir - straight line, f/p - ogre
Aim: an ogre, wielding a giant club (severely wounded)
The flame tongue misses the ogre.
Casting: Flame Tongue
Confirm with . or Enter, or press ? or * to list all spells.
Aiming: Flame Tongue
Press: ? - help, Shift-Dir - straight line, f/p - ogre
Aim: an ogre, wielding a giant club (severely wounded)
The flame tongue hits the ogre.
You kill the ogre!
Your Spellcasting skill increases to level 3!
You have reached level 4!
You feel stronger.
Your demonic ancestry asserts itself...
Your fingernails sharpen.
You have reached level 5!
Your demonic ancestry asserts itself...
You slip into the darkness of the dungeon.
Are you sure you want to abandon this character and quit the game? (Confirm with "yes".)

#..# #.# #..# #.#
.. #... #.# ##>#
#... #.#
#########... #)#
#.##........ #ยง#
#.##........ #.#
#.##........
#@#####'##........
#.......(.........
#####.............
#.....######..
#.....######..
#.....#....'..
#.....#.####..
#.....#.# #..
#.....#.# #..


There were no monsters in sight!

Vanquished Creatures
  An ogre (D:4)
  An adder (D:4)
  2 worms (D:2)
  2 dart slugs
  A leopard gecko (D:4)
  3 giant cockroaches (D:2)
  4 hobgoblins
  A quokka (D:2)
  2 ball pythons
  8 bats
  A frilled lizard (D:2)
  4 goblins
  3 kobolds
  6 rats
39 creatures vanquished.

Notes
Turn   | Place    | Note
-------+----------+-------------------------------------------
     0 | D:1      | Dfrag the Demonspawn Fire Elementalist began the quest for the Orb.
     0 | D:1      | Reached XP level 1. HP: 13/13 MP: 3/3
   248 | D:1      | Gained mutation: You have sharp fingernails. [demonic ancestry]
   248 | D:1      | Reached XP level 2. HP: 11/19 MP: 1/5
   827 | D:2      | Reached XP level 3. HP: 18/24 MP: 1/6
  1105 | D:3      | Found a shattered altar of Ashenzari.
  1177 | D:3      | Noticed Deathtrap2010's ghost (amateur MiFi)
  1251 | D:3      | Found a deep blue altar of Sif Muna.
  1394 | D:4      | Found a sparkling altar of Nemelex Xobeh.
  1435 | D:4      | Found an ancient bone altar of Kikubaaqudgha.
  1639 | D:4      | Noticed an ogre
  1645 | D:4      | Learned a level 3 spell: Conjure Flame
  1654 | D:4      | Killed an ogre
  1654 | D:4      | Gained mutation: You have very sharp fingernails. [demonic ancestry]
  1654 | D:4      | Reached XP level 4. HP: 30/30 MP: 0/8
  1654 | D:4      | Gained mutation: You are slightly more attuned to the shadows. [demonic ancestry]
  1654 | D:4      | Reached XP level 5. HP: 35/35 MP: 0/9
  1655 | D:4      | Quit the game

Vault maps used:
D:1:      tarquinn_simple_flora_water_f
D:2:      first_bread
D:3:      lemuel_round_altar, lemuel_doored_altar
D:4:      nicolae_overflow_hidden_temple, minmay_temple_entry_water_ring,
          nemelex_lonely_heart_becter

Skill      XL: |  1  2  3 |
---------------+----------+-----
Fire Magic     | 3 |  3.7
Conjurations   | 2 |  2.8
Spellcasting   | 3 |  3.2
Dodging        | |  1.7
Stealth        | |  1.7

Action                   |  1- 3 |  4- 6 || total
-------------------------+-------+-------++-------
Melee: Unarmed           |    38 |       ||    38
 Cast: Flame Tongue      |    64 |     1 ||    65
       Conjure Flame     |     1 |       ||     1
 Stab: Sleeping          |     1 |       ||     1
  Eat: Chunk             |     3 |       ||     3
Armor: Robe              |    15 |       ||    15
       Crystal plate arm |    33 |       ||    33
Dodge: Dodged            |    61 |       ||    61

Table legend:
 A = Spawn XP
 B = Non-spawn XP
 C = Spawn XP percentage of total XP
 D = Spawn monster count
 E = Non-spawn monster count
 F = Spawn count percentage of total count
 G = Total turns spent on level
                    A         B        C        D         E        F      G
               +---------+---------+-------+---------+---------+-------+---------
         Total |       0 |     200 |   0.0 |       0 |      39 |   0.0 |  1655
               +---------+---------+-------+---------+---------+-------+---------
           D:1 |       0 |      19 |   0.0 |       0 |      13 |   0.0 |   597
           D:2 |       0 |      36 |   0.0 |       0 |      16 |   0.0 |   546
           D:3 |       0 |       7 |   0.0 |       0 |       6 |   0.0 |   164
           D:4 |       0 |     138 |   0.0 |       0 |       4 |   0.0 |   348
               +---------+---------+-------+---------+---------+-------+---------
